| TOP OF THE 1ST |
|
Calgary Flames batting - Pitching for Amarillo ThunderHeads : RHP Tony Gutierrez
|
|
Pitching: RHP Tony Gutierrez
|
|
|
Batting: LHB Dean Luttman
|
0-0: Swinging Strike 0-1: Swinging Strike 0-2: Ground out 4-3 (Groundball, 4, EV 102.5 MPH)
|
|
Batting: RHB Yuusei Narita
|
0-0: DOUBLE (Line Drive, 9LD, EV 98.1 MPH)
|
|
Batting: RHB Eric McMillian
|
0-0: Called Strike 0-1: Ball 1-1: Foul Ball, location: 2F 1-2: Ground out 5-3 (Groundball, 5, EV 84.4 MPH)
|
|
Batting: RHB Mike MacLeod
|
0-0: Called Strike 0-1: Foul Ball, location: 2F 0-2: Ball 1-2: Ball Passed Ball! Yuusei Narita to third 2-2: Foul Ball, location: 2F 2-2: Ball 3-2: Strikes out looking
|
| Top of the 1st over - 0 runs, 1 hit, 0 errors, 1 left on base; Calgary 0 - Amarillo 0 |
| BOTTOM OF THE 1ST |
|
Amarillo ThunderHeads batting - Pitching for Calgary Flames : RHP Phil Rankin
|
|
Pitching: RHP Phil Rankin
|
|
|
Batting: SHB Zack Barton
|
0-0: Ball 1-0: Swinging Strike 1-1: Fly out, F9 (Flyball, 9S, EV 94.4 MPH)
|
|
Batting: RHB Ron Squires
|
0-0: Ground out U3 (Groundball, 3, EV 86.2 MPH)
|
|
Batting: RHB Jerry Foster
|
0-0: Called Strike 0-1: Foul Ball, location: 2F 0-2: Ground out U3 (Groundball, 13, EV 82.5 MPH)
|
| Bottom of the 1st over - 0 runs, 0 hits, 0 errors, 0 left on base; Calgary 0 - Amarillo 0 |
| TOP OF THE 2ND |
|
Calgary Flames batting - Pitching for Amarillo ThunderHeads : RHP Tony Gutierrez
|
|
Batting: RHB Kevin Davis
|
0-0: Ball 1-0: Foul Ball, location: 2F 1-1: Ball 2-1: Ground out 5-3 (Groundball, 56S, EV 87.5 MPH)
|
|
Batting: RHB Alex Collazo
|
0-0: Ball 1-0: Fly out, F8 (Flyball, 8LM, EV 85.6 MPH)
|
|
Batting: SHB Erick Hamburger
|
0-0: Ball 1-0: Ball 2-0: Ball 3-0: Base on Balls
|
|
Batting: RHB Rod Johnson
|
0-0: Called Strike 0-1: Ball 1-1: Ball Erick Hamburger is caught stealing 2nd base 2-4
|
| Top of the 2nd over - 0 runs, 0 hits, 0 errors, 0 left on base; Calgary 0 - Amarillo 0 |
| BOTTOM OF THE 2ND |
|
Amarillo ThunderHeads batting - Pitching for Calgary Flames : RHP Phil Rankin
|
|
Batting: RHB Elias Sagrero
|
0-0: Called Strike 0-1: Ball 1-1: Called Strike 1-2: Strikes out looking
|
|
Batting: LHB Santino Pisanello
|
0-0: Ball 1-0: Fly out, F8 (Flyball, 8LD, EV 103.1 MPH)
|
|
Batting: RHB Bill Flannery
|
0-0: Ball 1-0: Swinging Strike 1-1: Ball 2-1: Called Strike 2-2: Foul Ball, location: 2F 2-2: Foul Ball, location: 2F 2-2: Ground out 4-3 (Groundball, 4, EV 82.5 MPH)
|
| Bottom of the 2nd over - 0 runs, 0 hits, 0 errors, 0 left on base; Calgary 0 - Amarillo 0 |
| TOP OF THE 3RD |
|
Calgary Flames batting - Pitching for Amarillo ThunderHeads : RHP Tony Gutierrez
|
|
Batting: RHB Rod Johnson
|
0-0: Called Strike 0-1: Ball 1-1: Called Strike 1-2: Ball 2-2: Strikes out swinging, 2-3 out at first.
|
|
Batting: RHB Hugo Montemayor
|
0-0: Ball 1-0: Ball 2-0: Called Strike 2-1: Called Strike 2-2: Ball 3-2: Strikes out swinging
|
|
Batting: LHB Dean Luttman
|
0-0: Called Strike 0-1: Called Strike 0-2: Ball 1-2: Ground out U3 (Groundball, 3, EV 101.9 MPH)
|
| Top of the 3rd over - 0 runs, 0 hits, 0 errors, 0 left on base; Calgary 0 - Amarillo 0 |
| BOTTOM OF THE 3RD |
|
Amarillo ThunderHeads batting - Pitching for Calgary Flames : RHP Phil Rankin
|
|
Batting: RHB Josh Shoemaker
|
0-0: Ball 1-0: Ball 2-0: Called Strike 2-1: Foul Ball, location: 2F 2-2: Ball 3-2: Fly out, F9 (Line Drive, 89M, EV 91.9 MPH)
|
|
Batting: RHB John Carbonneau
|
0-0: Called Strike 0-1: Ball 1-1: Ball 2-1: SINGLE (Line Drive, 7S, EV 105.6 MPH)
|
|
Batting: LHB Tony Gutierrez
|
0-0: Called Strike 0-1: Swinging Strike 0-2: Foul Ball, location: 2F 0-2: Ball 1-2: Ball 2-2: Ball 3-2: Base on Balls John Carbonneau to second
|
|
Batting: SHB Zack Barton
|
0-0: Foul Ball, location: 2F 0-1: Ball 1-1: Foul Ball, location: 2F 1-2: Fly out, F3 (Popup, 3SF, EV 79.4 MPH)
|
|
Batting: RHB Ron Squires
|
0-0: Swinging Strike 0-1: Foul Ball, location: 2F 0-2: Ball 1-2: Foul Ball, location: 2F 1-2: Foul Ball, location: 2F 1-2: Strikes out swinging
|
| Bottom of the 3rd over - 0 runs, 1 hit, 0 errors, 2 left on base; Calgary 0 - Amarillo 0 |
| TOP OF THE 4TH |
|
Calgary Flames batting - Pitching for Amarillo ThunderHeads : RHP Tony Gutierrez
|
|
Batting: RHB Yuusei Narita
|
0-0: Called Strike 0-1: Called Strike 0-2: Ball 1-2: Fly out, F9 (Flyball, 9LM, EV 75.6 MPH)
|
|
Batting: RHB Eric McMillian
|
0-0: Ball 1-0: Foul Ball, location: 2F 1-1: Swinging Strike 1-2: Strikes out swinging
|
|
Batting: RHB Mike MacLeod
|
0-0: Called Strike 0-1: Foul Ball, location: 2F 0-2: Ground out 6-3 (Groundball, 6, EV 84.4 MPH)
|
| Top of the 4th over - 0 runs, 0 hits, 0 errors, 0 left on base; Calgary 0 - Amarillo 0 |
| BOTTOM OF THE 4TH |
|
Amarillo ThunderHeads batting - Pitching for Calgary Flames : RHP Phil Rankin
|
|
Batting: RHB Jerry Foster
|
0-0: Swinging Strike 0-1: Ball 1-1: Ball 2-1: Fly out, F8 (Flyball, 8LS, EV 86.2 MPH)
|
|
Batting: RHB Elias Sagrero
|
0-0: Swinging Strike 0-1: Foul Ball, location: 2F 0-2: Foul Ball, location: 2F 0-2: Ball 1-2: Ball 2-2: Ball 3-2: Reached on error, E6 (Groundball, 6, EV 85.6 MPH)
|
|
Batting: LHB Santino Pisanello
|
0-0: Ball 1-0: Called Strike 1-1: Ball 2-1: Ball 3-1: Base on Balls Elias Sagrero to second
|
|
Batting: RHB Bill Flannery
|
0-0: Called Strike 0-1: Swinging Strike 0-2: Fly out, F8 (Line Drive, 8RM, EV 90.6 MPH)
|
|
Batting: RHB Josh Shoemaker
|
0-0: Ball 1-0: Foul Ball, location: 2F 1-1: Foul Ball, location: 2F 1-2: Ground out 3-1 (Groundball, 34, EV 105.6 MPH)
|
| Bottom of the 4th over - 0 runs, 0 hits, 1 error, 2 left on base; Calgary 0 - Amarillo 0 |
| TOP OF THE 5TH |
|
Calgary Flames batting - Pitching for Amarillo ThunderHeads : RHP Tony Gutierrez
|
|
Batting: RHB Kevin Davis
|
0-0: Ball 1-0: Called Strike 1-1: Ball 2-1: Ball 3-1: Called Strike 3-2: Fly out, F8 (Line Drive, 8RM, EV 91.9 MPH)
|
|
Batting: RHB Alex Collazo
|
0-0: Foul Ball, location: 2F 0-1: Called Strike 0-2: Ball 1-2: Strikes out swinging
|
|
Batting: SHB Erick Hamburger
|
0-0: Ball 1-0: Called Strike 1-1: Ball 2-1: Swinging Strike 2-2: Ball 3-2: Strikes out swinging
|
| Top of the 5th over - 0 runs, 0 hits, 0 errors, 0 left on base; Calgary 0 - Amarillo 0 |
| BOTTOM OF THE 5TH |
|
Amarillo ThunderHeads batting - Pitching for Calgary Flames : RHP Phil Rankin
|
|
Batting: RHB John Carbonneau
|
0-0: Called Strike 0-1: Ground out 1-3 (Groundball, 13S, EV 70.0 MPH)
|
|
Batting: LHB Tony Gutierrez
|
0-0: Called Strike 0-1: Foul Ball, location: 2F 0-2: Ball 1-2: Ball 2-2: Strikes out swinging
|
|
Batting: SHB Zack Barton
|
0-0: Swinging Strike 0-1: Swinging Strike 0-2: Ball 1-2: Ground out 5-3 (Groundball, 5, EV 90.0 MPH)
|
| Bottom of the 5th over - 0 runs, 0 hits, 0 errors, 0 left on base; Calgary 0 - Amarillo 0 |
| TOP OF THE 6TH |
|
Calgary Flames batting - Pitching for Amarillo ThunderHeads : RHP Tony Gutierrez
|
|
Batting: RHB Rod Johnson
|
0-0: Foul Ball, location: 2F 0-1: Foul Ball, location: 2F 0-2: Foul Ball, location: 2F 0-2: Strikes out looking
|
|
Batting: RHB Hugo Montemayor
|
0-0: Ball 1-0: Swinging Strike 1-1: Swinging Strike 1-2: Ball 2-2: Ball 3-2: Strikes out swinging
|
|
Batting: LHB Dean Luttman
|
0-0: Ball 1-0: Ball 2-0: Fly out, F9 (Flyball, 9, EV 88.1 MPH)
|
| Top of the 6th over - 0 runs, 0 hits, 0 errors, 0 left on base; Calgary 0 - Amarillo 0 |
| BOTTOM OF THE 6TH |
|
Amarillo ThunderHeads batting - Pitching for Calgary Flames : RHP Phil Rankin
|
|
Pitching: LHP Trevor Lewis
|
|
|
Batting: RHB Ron Squires
|
0-0: Ball 1-0: Called Strike 1-1: Fly out, F9 (Flyball, 89S, EV 85.6 MPH)
|
|
Batting: RHB Jerry Foster
|
0-0: Ground out 1-3 (Groundball, 13S, EV 71.2 MPH)
|
|
Batting: RHB Elias Sagrero
|
0-0: Foul Ball, location: 2F 0-1: Swinging Strike 0-2: Ball 1-2: Ball 2-2: Ball 3-2: Foul Ball, location: 2F 3-2: SOLO HOME RUN (Flyball, 7D, EV 98.1 MPH), Distance : 378 ft
|
|
Batting: LHB Santino Pisanello
|
0-0: Ball 1-0: Ball 2-0: Ball 3-0: Base on Balls
|
|
Batting: RHB Bill Flannery
|
0-0: Ball 1-0: Fly out, F9 (Line Drive, 89D, EV 88.8 MPH)
|
| Bottom of the 6th over - 1 run, 1 hit, 0 errors, 1 left on base; Calgary 0 - Amarillo 1 |
| TOP OF THE 7TH |
|
Calgary Flames batting - Pitching for Amarillo ThunderHeads : RHP Tony Gutierrez
|
|
Batting: RHB Yuusei Narita
|
0-0: Ball 1-0: Swinging Strike 1-1: Ball 2-1: Swinging Strike 2-2: Ball 3-2: Ground out 2-3 (Groundball, 2L, EV 71.2 MPH)
|
|
Batting: RHB Eric McMillian
|
0-0: Called Strike 0-1: Foul Ball, location: 2F 0-2: Strikes out swinging
|
|
Batting: RHB Mike MacLeod
|
0-0: Called Strike 0-1: Ball 1-1: Ball 2-1: Foul Ball, location: 2F 2-2: Strikes out swinging
|
| Top of the 7th over - 0 runs, 0 hits, 0 errors, 0 left on base; Calgary 0 - Amarillo 1 |
| BOTTOM OF THE 7TH |
|
Amarillo ThunderHeads batting - Pitching for Calgary Flames : LHP Trevor Lewis
|
|
Batting: RHB Josh Shoemaker
|
0-0: Ball 1-0: Called Strike 1-1: Ball 2-1: Ball 3-1: Foul Ball, location: 2F 3-2: Ground out 4-3 (Groundball, 4, EV 84.4 MPH)
|
|
Batting: RHB John Carbonneau
|
0-0: SINGLE (Groundball, 5D, EV 99.4 MPH)
|
|
Batting: LHB Tony Gutierrez
|
0-0: Ball 1-0: Ground out 4-3 (Groundball, 4S, EV 62.5 MPH) John Carbonneau to second
|
|
Batting: SHB Zack Barton
|
0-0: Called Strike 0-1: Ball 1-1: Foul Ball, location: 2F 1-2: SINGLE (Groundball, 5S, EV 70.0 MPH) (infield hit) John Carbonneau to third
|
|
Batting: RHB Ron Squires
|
0-0: Ball 1-0: 3-RUN HOME RUN (Line Drive, 78XD, EV 100.0 MPH), Distance : 411 ft
|
|
Pitching: RHP Russell MacKay
|
|
|
Batting: RHB Jerry Foster
|
0-0: Ball 1-0: Ball 2-0: Ball 3-0: Base on Balls
|
|
Batting: RHB Elias Sagrero
|
0-0: Called Strike Jerry Foster steals 2nd base 0-1: Foul Ball, location: 2F 0-2: Ball 1-2: Ball 2-2: Foul Ball, location: 2F 2-2: Foul Ball, location: 2F 2-2: Foul Ball, location: 2F 2-2: Ball 3-2: Strikes out swinging
|
| Bottom of the 7th over - 3 runs, 3 hits, 0 errors, 1 left on base; Calgary 0 - Amarillo 4 |
| TOP OF THE 8TH |
|
Calgary Flames batting - Pitching for Amarillo ThunderHeads : RHP Tony Gutierrez
|
|
Batting: RHB Kevin Davis
|
0-0: Foul Ball, location: 2F 0-1: Called Strike 0-2: Ball 1-2: Ball 2-2: Ball 3-2: Fly out, F9 (Line Drive, 89M, EV 101.9 MPH)
|
|
Batting: RHB Alex Collazo
|
0-0: SINGLE (Line Drive, 3D, EV 99.4 MPH)
|
|
Pinch Hitting: RHB Devon Dill
|
0-0: Foul Ball, location: 2F 0-1: Called Strike 0-2: Strikes out looking
|
|
Batting: RHB Rod Johnson
|
0-0: Ball Wild Pitch! Alex Collazo to second 1-0: Called Strike 1-1: Ball 2-1: Foul Ball, location: 2F 2-2: Foul Ball, location: 2F 2-2: Strikes out swinging
|
| Top of the 8th over - 0 runs, 1 hit, 0 errors, 1 left on base; Calgary 0 - Amarillo 4 |
| BOTTOM OF THE 8TH |
|
Amarillo ThunderHeads batting - Pitching for Calgary Flames : RHP Russell MacKay
|
|
Now at 2B: Devon Dill
|
|
|
Now at SS: Hugo Montemayor
|
|
|
Batting: LHB Santino Pisanello
|
0-0: Ground out 4-3 (Groundball, 4, EV 85.0 MPH)
|
|
Batting: RHB Bill Flannery
|
0-0: Ball 1-0: Ball 2-0: Ball 3-0: Called Strike 3-1: Called Strike 3-2: Ground out 1-3 (Groundball, 13, EV 75.0 MPH)
|
|
Batting: RHB Josh Shoemaker
|
0-0: Swinging Strike 0-1: Ball 1-1: Called Strike 1-2: Strikes out swinging
|
| Bottom of the 8th over - 0 runs, 0 hits, 0 errors, 0 left on base; Calgary 0 - Amarillo 4 |
| TOP OF THE 9TH |
|
Calgary Flames batting - Pitching for Amarillo ThunderHeads : RHP Tony Gutierrez
|
|
Pitching: RHP Nick Ehrlich
|
|
|
Pinch Hitting: LHB Justin Daley
|
0-0: Swinging Strike 0-1: Ground out 6-3 (Groundball, 6, EV 101.2 MPH)
|
|
Batting: LHB Dean Luttman
|
0-0: Ball 1-0: Called Strike 1-1: Swinging Strike 1-2: Ball 2-2: Foul Ball, location: 2F 2-2: Ball 3-2: Base on Balls
|
|
Batting: RHB Yuusei Narita
|
0-0: Foul Ball, location: 2F 0-1: Grounds into double play, 4-6-3 (Groundball, 4, EV 80.6 MPH)
|
| Top of the 9th over - 0 runs, 0 hits, 0 errors, 0 left on base; Calgary 0 - Amarillo 4 |
|